cohdb
Replays
Latest Replays
All Replays
Popular Replays
Top Player Replays
Match Explorer
How It Works
Community
CoH3 Stats
Reddit
Sign in to upload your games and track your stats! →
Sign in with Steam
Match 42780308
Unlisted
Match 42780308
Overview
Messages
Build Orders
End
Scout Squad
Selects Airborne Battlegroup
Selects Pathfinders
Construct Weapon Support Center
Pathfinder Squad
M1919 Machine Gun Team
Construct Medical Station
Selects Paratrooper Squad Paradrop
Paratrooper Squad Paradrop
Paratrooper Squad Paradrop
Mechanized Support Center
Engineer Squad
Designate Forward Repair Station
Construct Tank Depot
Paratrooper Squad Paradrop
Selects Anti-tank Gun Team Paradrop
Paratrooper Squad Paradrop
M1919 Machine Gun Team
M4A1 Sherman Medium Tank
Forward Retreat Point
M4A1 Sherman Medium Tank
Anti-tank Gun Team Paradrop
Bran
DrewP
Sergeant
superkazah
0
0
Comments
sign in to comment!
No comments posted yet!